 Dungeon Crawl Stone Soup version 0.32-a0-871-ge202e49faa (webtiles) character file.

Game seed: 17745938980547404508

446 jasper the Basher (level 6, 0/51 HPs)
             Began as a Mountain Dwarf Fighter on Mar 29, 2024.
             Was an Initiate of Beogh.
             Splashed by a jelly's acid (6 damage)
             ... on level 4 of the Dungeon.
             The game lasted 00:07:45 (3805 turns).

jasper the Basher (Mountain Dwarf Fighter)          Turns: 3805, Time: 00:07:46

Health: 0/51       AC: -6    Str: 20    XL:     6   Next: 73%
Magic:  0/15       EV:  8    Int:  9    God:    Beogh [......]
Gold:   148        SH:  5    Dex:  9    Spells: 5/5 levels left

rFire   . . .        a - +0 flail
rCold   . . .        c - +1 buckler
rNeg    . . .        b - +0 scale mail
rPois   .            l - +0 helmet
rElec   .            (no cloak)
rCorr   .            y - +0 pair of gloves
SInv    +            (no boots)
Will    .....        m - amulet of guardian spirit Stlth
                     p - ring of magical power
HPRegen 0.28/turn    q - ring of see invisible
MPRegen 0.14/turn

%: guardian spirit
@: mighty, corroded
A: runic magic, artefact enchanting
a: Renounce Religion


You were on level 4 of the Dungeon.
You worshipped Beogh.
Beogh was noncommittal.
You visited 1 branch of the dungeon, and saw 4 of its levels.

You collected 148 gold pieces.

Inventory:

Hand Weapons
 a - a +0 flail (weapon)
 k - a +3 sling of freezing
Missiles
 g - 54 stones (quivered)
 u - 7 poisoned darts
Armour
 b - a +0 scale mail (worn)
 c - a +1 buckler (worn)
 l - a +0 helmet (worn)
 y - a +0 pair of gloves (worn)
Jewellery
 e - a ring of fire
 m - an amulet of guardian spirit (around neck)
 p - a ring of magical power (left hand)
 q - a ring of see invisible (right hand)
Wands
 r - a wand of polymorph (6)
Scrolls
 f - 3 scrolls of identify
 i - 2 scrolls of enchant armour
 j - a scroll of fear
 o - 2 scrolls of vulnerability
 s - a scroll of immolation
 v - a scroll of enchant weapon
 x - a scroll of teleportation
Potions
 h - a potion of brilliance
 n - a potion of enlightenment
 t - a potion of resistance


   Skills:
 - Level 3.2 Fighting
 + Level 8.8 Maces & Flails
 - Level 3.2 Armour
 - Level 3.2 Shields


You had 5 spell levels left.
You didn't know any spells.
Your spell library contained the following spells:

 Spells                   Type           Power      Damage    Failure   Level
 Necrotise                Necr           0%         1d4       54%         1
 Call Imp                 Summ           0%         N/A       69%         2
 Lesser Beckoning         Tloc           0%         N/A       69%         2
 Sublimation of Blood     Necr           0%         N/A       69%         2
 Stone Arrow              Conj/Erth      0%         3d7       89%         3
 Teleport Other           Tloc           0%         N/A       89%         3
 Vampiric Draining        Necr           0%         2d6       89%         3
 Martyr's Knell           Necr/Summ      0%         N/A       100%        4
 Maxwell's Portable Pile  Tloc           0%         2d(5-10)  100%        4
 Curse of Agony           Necr           0%         N/A       100%        5
 Sculpt Simulacrum        Ice/Alch       0%         N/A       100%        6
 Summon Hydra             Summ           0%         N/A       100%        7
 Shatter                  Erth           0%         3d5*      100%        9


Dungeon Overview and Level Annotations

Branches:
Dungeon (4/15)
 Temple: D:4-7

Altars:
Cheibriados
Gozag
Hepliaklqana
The Shining One

Shops:
D:1 (   D:4 [(=

Annotations:
D:4 4 runed translucent doors


Innate Abilities, Weirdness & Mutations

Your spellcasting is much less encumbered by armour.
You can use scrolls of enchantment on lesser artefacts.


Message History

The jelly is moderately wounded.
The jelly hits you. The acid corrodes you!
You are splashed with acid!
You take 12 damage, and have 39/51 hp.
MASSIVE DAMAGE!!
You now have 12/15 mp.
You hit the jelly.
Your hands burn!
The jelly is heavily wounded.
The jelly hits you. The acid corrodes you!
You are splashed with acid!
You take 11 damage, and have 28/51 hp.
MASSIVE DAMAGE!!
You now have 10/15 mp.
You hit the jelly but do no damage.
Your hands burn!
The jelly is heavily wounded.
The jelly hits you.
You are splashed with acid!
You take 8 damage, and have 20/51 hp.
You now have 6/15 mp.
You hit the jelly but do no damage.
Your hands burn!
The jelly is heavily wounded.
The jelly hits you. The acid corrodes you!
You are splashed with acid!
* * * LOW HITPOINT WARNING * * *
You take 6 damage, and have 14/51 hp.
You now have 4/15 mp.
Okay, then.
Okay, then.
Okay, then.
Unknown command.
You enter a dispersal trap!
The jelly blinks!
You blink.
You feel very mighty all of a sudden. The jelly misses you.
You hit the jelly but do no damage.
Your hands burn!
* * * LOW HITPOINT WARNING * * *
The jelly is heavily wounded.
The jelly barely misses you.
You take 3 damage, and have 12/51 hp.
You now have 4/15 mp.
You hit the jelly.
Your hands burn!
* * * LOW HITPOINT WARNING * * *
The jelly is heavily wounded.
The jelly barely misses you.
You take 3 damage, and have 9/51 hp.
You now have 3/15 mp.
You hit the jelly.
Your hands burn!
* * * LOW HITPOINT WARNING * * *
The jelly is almost dead.
The jelly hits you.
* * * LOW HITPOINT WARNING * * *
The acid corrodes you!
You are splashed with acid!
You die...

#. #. ### #. ..# #. #.#
#. #.# .. #.###.# ....
#########....^###.## #..
......J@.........!...##.
###..######.#####.##. #
# #####.### ##.##.
#.∩.....# ......
#..##.#.# ##.#..
#.###.#.# #.
#.##..#.#####..#
#.......#......
#.........##++#


You could see a jelly.

Vanquished Creatures
  Sigmund (D:2)
  2 orc priests
  Jessica (D:2)
  2 orc wizards (D:4)
  Robin (D:2)
  2 adders
  A ribbon worm (D:2)
  11 orcs
  3 bats (D:1)
  4 endoplasms
  4 giant cockroaches (D:1)
  16 goblins
  11 hobgoblins
  7 jackals
  7 kobolds
  4 quokkas
  10 ball pythons
  5 rats
92 creatures vanquished.

Vanquished Creatures (others)
  An adder (D:4)
  A butterfly (D:4)
2 creatures vanquished.

Grand Total: 94 creatures vanquished

Notes
Turn   | Place    | Note
-------+----------+-------------------------------------------
     0 | D:1      | jasper the Mountain Dwarf Fighter began the quest for the
                  | Orb.
     0 | D:1      | Reached XP level 1. HP: 19/19 MP: 1/1
   155 | D:1      | Reached skill level 3 in Maces & Flails
   178 | D:1      | Reached XP level 2. HP: 26/26 MP: 2/2
   517 | D:1      | Reached skill level 4 in Maces & Flails
   527 | D:1      | Got the Discursus on Freezing Bedrock
   603 | D:1      | Found Ysadaere's Antique Weapon Boutique.
   621 | D:1      | Reached XP level 3. HP: 29/31 MP: 3/3
  1148 | D:2      | Noticed Robin
  1164 | D:2      | Killed Robin
  1165 | D:2      | Reached skill level 5 in Maces & Flails
  1172 | D:2      | Reached XP level 4. HP: 31/38 MP: 4/4
  1323 | D:2      | Noticed Jessica
  1331 | D:2      | Killed Jessica
  1488 | D:2      | Reached skill level 6 in Maces & Flails
  1681 | D:2      | Noticed Sigmund
  1741 | D:2      | Killed Sigmund
  1742 | D:2      | Reached skill level 7 in Maces & Flails
  1742 | D:2      | Reached XP level 5. HP: 17/45 MP: 2/5
  1742 | D:2      | Reached XP level 6. HP: 20/51 MP: 2/6
  2582 | D:3      | Reached skill level 8 in Maces & Flails
  3066 | D:3      | Found a hazy altar of Hepliaklqana.
  3066 | D:3      | Found a glowing golden altar of the Shining One.
  3067 | D:3      | Found a snail-covered altar of Cheibriados.
  3083 | D:3      | Found an opulent altar of Gozag.
  3406 | D:4      | Found Hichysuquy's Weapon Emporium.
  3473 | D:4      | Found Tevoaj's Jewellery Boutique.
  3501 | D:4      | Became a worshipper of Beogh the Shepherd
  3738 | D:4      | Found a large runed translucent door.
  3739 | D:4      | Found a large runed translucent door.
  3739 | D:4      | Noticed a steam dragon
  3761 | D:4      | Found a large runed translucent door.
  3761 | D:4      | Found a large runed translucent door.
  3784 | D:4      | Found Kateilic's Antique Armour Emporium.
  3805 | D:4      | Splashed by a jelly's acid

Illustrated notes

Levels and vault maps discovered:
D:1:      dpeg_arrival_snail, layout_basic, serial_shops, shop,
          nrook_mini_vaults, chequers_avenue, kennysheep_nondescript
D:2:      layout_basic, uniq_jessica, uniq_robin, uniq_sigmund
D:3:      layout_basic, nicolae_overflow_quartered_altars,
          minmay_misc_feat_cross
D:4:      layout_loops_cross, nicolae_elyvilon_peaceful_grove, serial_shops,
          shop, shop, nicolae_shop_peninsula, nicolae_shop_waterfront,
          kennysheep_diamond, minmay_hollow_rounded_squares

Skill      XL: |  1  2  3  4  5  6 |
---------------+-------------------+-----
Maces & Flails | 3 4 5 7 8 |  8.8
Fighting       | |  3.2
Armour         | |  3.2
Shields        | |  3.2

Action                     |  1- 3 |  4- 6 || total
---------------------------+-------+-------++-------
  Melee: Flail             |   137 |   192 ||   329
  Throw: Stone             |       |     1 ||     1
 Invoke: Convert to Beogh  |       |     1 ||     1
    Use: Scroll            |     3 |    10 ||    13
         Potion            |       |     6 ||     6
 Armour: Scale mail        |   107 |   139 ||   246
         Skin              |       |    22 ||    22
  Dodge: Dodged            |    60 |    63 ||   123
  Block: Buckler           |    37 |    43 ||    80

Table legend: (Time is in decaauts)
 A = Elapsed time spent in this place.
 B = Non-inter-level travel time spent in this place.
 C = Inter-level travel time spent in this place.
 D = Time resting spent in this place.
 E = Time spent auto-exploring this place.
 F = Levels seen in this place.
 G = Mean time per level.
                   A        B        C        D        E       F      G
               +--------+--------+--------+--------+--------+-----+--------+
         Total |   3846 |   3782 |     64 |     82 |   2753 |   4 |  961.5 |
       Dungeon |   3846 |   3782 |     64 |     82 |   2753 |   4 |  961.5 |
               +--------+--------+--------+--------+--------+-----+--------+

Top non-repeatable levels by time:
     D:2: 1210 daAuts
     D:3: 1128 daAuts
     D:1: 980 daAuts
     D:4: 526 daAuts
